[Event "34th Pula Open 2022"]
[Site "Pula"]
[Date "2022.06.23"]
[Round "7.4"]
[White "Lim, Zhuo Ren"]
[Black "Zufic, Miroslav"]
[Result "1/2-1/2"]
[ECO "E11"]
[WhiteElo "2290"]
[BlackElo "2384"]
[Annotator "TA"]
[PlyCount "49"]
[EventDate "2022.06.18"]
[EventType "swiss"]
[EventCountry "CRO"]
[SourceTitle "playchess.com"]
[Source "ChessBase"]
[SourceQuality "1"]
[TimeControl "5400+30"]

1. d4 Nf6 2. c4 e6 3. Nf3 Bb4+ 4. Nbd2 O-O 5. a3 Be7 6. e4 d6 {[%emt 0:00:46][%cal Oe6e5] E11: Bogo-Indian.} 7. Be2 Nfd7 8. O-O e5 9. Nb1 a5 (9... exd4 $11 10. Nxd4 Nc6) 10. Nc3 {[%emt 0:00:57] White is more active.} exd4 11. Nxd4 Nc5 12. b3 Bf6 13. Be3 Re8 (13... Nc6 $11 14. Ndb5 Na7) 14. Qc2 $14 Nc6 15. Ndb5 {[%emt 0:06:21] [#]} Na7 $146 ({Predecessor:} 15... b6 16. Rab1 Bb7 17. f3 Bxc3 18. Nxc3 f5 19. b4 axb4 20. axb4 Ne6 21. Rfd1 fxe4 {0-1 (71) Klaasen,C (2285)-El Gindy,E (2423) Hammamet 2019}) 16. Nxa7 Rxa7 17. Rad1 b6 18. b4 axb4 19. axb4 {[%emt 0:00:02] [#] aiming for Nb5.} Bxc3 20. bxc5 Bb4 $1 21. cxb6 cxb6 22. Qb2 Bc5 {[%emt 0:01:13] The position is equal.} 23. Bxc5 bxc5 24. e5 Ra6 25. Bf3 {[%emt 0:04:08] Weighted Error Value: White=0.12 (very precise) /Black=0.14 (very precise)} 1/2-1/2

[Event "34th Pula Open 2022"]
[Site "Pula"]
[Date "2022.06.23"]
[Round "7.5"]
[White "Lindgren, Philip"]
[Black "Seres, Bela"]
[Result "1-0"]
[ECO "D60"]
[WhiteElo "2369"]
[BlackElo "2164"]
[Annotator "TA"]
[PlyCount "97"]
[EventDate "2022.06.18"]
[EventType "swiss"]
[EventCountry "CRO"]
[SourceTitle "playchess.com"]
[Source "ChessBase"]
[SourceQuality "1"]
[TimeControl "5400+30"]

1. Nf3 Nf6 2. d4 e6 3. Bg5 d5 4. c4 Be7 5. Nc3 Nbd7 6. e3 h6 7. Bh4 c6 8. Bd3 O-O 9. O-O b6 10. Qe2 {[%emt 0:10:20] 10.cxd5 is the modern continuation. D60: Queen's Gambit Declined: Classical: Unusual White 7th moves.} Bb7 11. Rfd1 Rc8 12. Rac1 {[%emt 0:31:32] White has an edge.} Ne4 {[%emt 0:09:49] [#] And now ...Nxc3 would win.} 13. Bg3 $146 (13. Nxe4 $2 dxe4 14. Bxe4 (14. Bxe7 $2 exd3 15. Qxd3 Qxe7 $19) 14... Bxh4 $19) ({Predecessor:} 13. Bxe7 Nxc3 14. Rxc3 Qxe7 15. Rdc1 f5 16. a3 g5 17. cxd5 exd5 18. Ba6 Bxa6 19. Qxa6 g4 20. Ne1 Nb8 {½-½ (20) Mann,K (2112)-Habermann,A (2054) Plau am See 2003}) 13... f5 14. cxd5 exd5 15. Ba6 Nxg3 16. hxg3 Bxa6 17. Qxa6 Rc7 18. Rc2 Bd6 19. Rdc1 Nb8 20. Qd3 Qe7 21. b4 b5 22. a3 Rd7 ({Black should try} 22... a6 $14) 23. Ne2 $16 g5 24. Qb3 Qe6 25. Ne1 h5 26. Nd3 Rh7 27. Rxc6 Nxc6 28. Rxc6 {[%emt 0:00:01] aiming for Nc5.} Rd8 {[%emt 0:01:34] [#]} 29. Nc3 $1 Qf7 (29... h4 $16 {was worth a try.}) 30. Qxd5 (30. Nxd5 Kh8 $11) 30... Rh6 {[%emt 0:03:31] This move loses the game for Black.} (30... Qxd5 $16 31. Nxd5 Rf7) 31. Qxf7+ $18 (31. Qxb5 Kh7 32. e4 Bb8 $18) 31... Kxf7 32. Nxb5 h4 33. Ne5+ ({Much less strong is} 33. Nxd6+ Rdxd6 34. Rc7+ Ke8 35. gxh4 (35. Rxa7 hxg3 36. Ra8+ Ke7 $16) 35... gxh4 $18) (33. Nxa7 hxg3 34. Nb5 Ke7 $16) 33... Kg7 34. Nxd6 Rhxd6 {[%emt 0:01:28][%mdl 4096] Endgame KRR-KRN} 35. Rc7+ Kf6 36. gxh4 gxh4 37. Rxa7 Rc8 38. Rf7+ (38. b5 $142) 38... Ke6 39. Rh7 Rc1+ 40. Kh2 Kd5 (40... Rc2 $142 41. Nd3 (41. Rxh4 Rxf2 42. Kg3 Rf1 $18) 41... Ra2 42. Rxh4 Rxa3) 41. Rxh4 Ra1 42. g3 Rxa3 43. Rf4 Rh6+ 44. Kg2 Rh5 45. Nd7 {[%emt 0:00:41] Threatens to win with Nf6+.} Ke6 {[%emt 0:01:16] Prevents Nf6.} (45... Rg5 {keeps fighting.} 46. Rh4 Rg7) 46. Nc5+ {[%emt 0:00:10] White is clearly winning.} Kd5 47. b5 Ra1 48. b6 Rb1 49. b7 {[%emt 0:01:27] Weighted Error Value: White=0.15 (very precise) /Black=0.38} 1-0

[Event "34th Pula Open 2022"]
[Site "Pula"]
[Date "2022.06.23"]
[Round "7.6"]
[White "Gelle, Istvan"]
[Black "Pastar, Slaven"]
[Result "0-1"]
[ECO "D02"]
[WhiteElo "2250"]
[BlackElo "2300"]
[Annotator "TA"]
[PlyCount "80"]
[EventDate "2022.06.18"]
[EventType "swiss"]
[EventCountry "CRO"]
[SourceTitle "playchess.com"]
[Source "ChessBase"]
[SourceQuality "1"]
[TimeControl "5400+30"]

1. d4 Nf6 2. Bf4 e6 3. e3 c5 4. c3 Nc6 5. Nd2 d5 6. Ngf3 Bd6 7. Bg3 O-O 8. Bd3 b6 9. Ne5 {[%emt 0:01:27] 9.Qe2 is the hot move.} Bb7 10. O-O {[%emt 0:00:56] D02: 1 d4 d5 2 Nf3 sidelines, including 2...Nf6 3 g3 and 2...Nf6 3 Bf4.} Qc7 11. Ndf3 Ne7 {[%emt 0:06:28] [#]} (11... Ne4 $5 ) 12. Qb1 $146 {[%emt 0:09:45] The position is equal.} ({Predecessor:} 12. b4 c4 13. Bc2 Ne4 14. Bxe4 dxe4 15. Nd2 b5 16. Qh5 a5 17. bxa5 f6 18. Ng4 Bxg3 19. fxg3 Rxa5 {½-½ (41) Aloma Vidal,R (2443)-Masague Artero,G (2362) Barcelona 2020}) 12... Ne4 13. Bxe4 dxe4 14. Nd2 f6 15. Nec4 {[%emt 0:00:23] Pair of Knights!} Bxg3 16. hxg3 Ng6 17. b4 f5 18. Rc1 Bd5 19. a4 h5 20. bxc5 bxc5 21. Qb5 Rab8 22. Qa5 Qe7 23. Rab1 Rbc8 24. Ne5 Nxe5 25. dxe5 c4 26. Rb4 g5 27. Rcb1 {[%emt 0:05:30] [#]} h4 $1 28. Nf1 Qg7 29. Rb5 {[%emt 0:04:20] [#]} Qxe5 ({Black should play} 29... Rcd8 $1 $17) 30. gxh4 $15 gxh4 31. Rb7 {[%emt 0:03:34] Inhibits Qg7.} f4 (31... Qf6 $15 32. Rxa7 Ra8) 32. Rxa7 (32. Rd7 $1 $11) 32... Rf5 ({Better is} 32... Qf6 $17 33. exf4 Qxf4) 33. Qb6 (33. Qb4 $11 Rcf8 34. Kh1 (34. Qe7 R5f7 $15)) 33... h3 $19 {[%emt 0:01:47] Threatens to win with ...Rg5.} 34. exf4 Qxf4 35. Qe3 ({Don't blunder} 35. Qd4 $2 Rg5 36. Ng3 Rxg3 37. fxg3 Qxg3 38. Rg7+ (38. Qd2 $2 Rf8 $19) 38... Qxg7 $19) 35... hxg2 {[%emt 0:00:53] Really sharp!} 36. Kxg2 (36. Ng3 Qh4 37. Qd4) 36... Rcf8 $2 (36... Qg4+ $19 37. Qg3 e3+ 38. f3 Bxf3+ 39. Kg1 Rg5 40. Qxg4 Rxg4+ 41. Kh2 Rg2+ 42. Kh3 Rg1 43. Nxe3 Rxb1) 37. Rb2 $2 (37. Qxf4 $11 Rxf4 38. Ne3) 37... Qh4 38. Kg1 Rf3 39. Qd4 Qg5+ 40. Ng3 e3 {[%emt 0:00:33] Weighted Error Value: White=0.83/Black=0.38} 0-1

[Event "34th Pula Open 2022"]
[Site "Pula"]
[Date "2022.06.23"]
[Round "7.7"]
[White "Cvitan, Ena"]
[Black "Cupic, Lovro"]
[Result "1/2-1/2"]
[ECO "D35"]
[WhiteElo "2251"]
[BlackElo "2271"]
[Annotator "TA"]
[PlyCount "39"]
[EventDate "2022.06.18"]
[EventType "swiss"]
[EventCountry "CRO"]
[SourceTitle "playchess.com"]
[Source "ChessBase"]
[SourceQuality "1"]
[TimeControl "5400+30"]

1. d4 d5 2. Nf3 Nf6 3. Bf4 Bf5 4. e3 e6 5. Bd3 Bxd3 6. Qxd3 c6 7. O-O Bd6 8. Bxd6 Qxd6 9. c4 O-O 10. cxd5 exd5 11. Nc3 Nbd7 {[%emt 0:00:04] [#]} {Predecessor:} 12. Rab1 $146 {D35: Queen's Gambit Declined: Exchange Variation.} Rfe8 13. Qc2 a5 14. a3 g6 15. Rfc1 Rec8 16. h3 Kg7 17. Nd2 h5 18. Na4 Re8 19. b4 axb4 20. axb4 {0-1 (45) Yang,K (2481)-Bluebaum,M (2663) Chess.com INT 2022} 1/2-1/2

[Event "34th Pula Open 2022"]
[Site "Pula"]
[Date "2022.06.23"]
[Round "7.8"]
[White "Ragger, Anna-Christina"]
[Black "Rubil, Marko"]
[Result "1/2-1/2"]
[ECO "C47"]
[WhiteElo "2141"]
[BlackElo "2272"]
[Annotator "TA"]
[PlyCount "44"]
[EventDate "2022.06.18"]
[EventType "swiss"]
[EventCountry "CRO"]
[SourceTitle "playchess.com"]
[Source "ChessBase"]
[SourceQuality "1"]
[TimeControl "5400+30"]

1. e4 e5 2. Nf3 Nc6 3. Nc3 Nf6 4. d4 exd4 5. Nxd4 Bc5 6. Nxc6 bxc6 7. Bd3 O-O 8. O-O Re8 {[%emt 0:02:12] C47: Scotch Four Knights and Four Knights with 4 g3.} 9. h3 Rb8 {[%emt 0:06:59] [#]} 10. Re1 $146 ({Predecessor:} 10. Na4 Bf8 11. Re1 d5 12. exd5 cxd5 13. b3 c5 14. Bg5 Rxe1+ 15. Qxe1 h6 16. Bf4 {1-0 (42) Guerra Mendez,J (2531)-Krysa,L (2548) Barcelona 2018}) 10... Bd4 11. Na4 d5 12. c3 dxe4 {[%emt 0:11:12] [#] And now ...Bxf2+ would win.} 13. cxd4 {[%emt 0:00:39] Threatens to win with Bc2.} exd3 14. Rxe8+ Qxe8 15. Qxd3 ({Much weaker is} 15. Nc5 Bf5 16. Nxd3 Bxd3 17. Qxd3 Nd5) 15... Qe1+ 16. Qf1 Qb4 17. Qd1 Be6 18. b3 Ne4 19. Bb2 Bd5 20. f3 Nf6 21. Qe1 Qd6 22. Qe5 Re8 {[%emt 0:10:27] Weighted Error Value: White=0.07 (flawless) /Black=0.08 (flawless)} 1/2-1/2

[Event "34th Pula Open 2022"]
[Site "Pula"]
[Date "2022.06.23"]
[Round "7.9"]
[White "Hadzovic, Amir"]
[Black "Babic, Drasko"]
[Result "1-0"]
[ECO "C29"]
[WhiteElo "2270"]
[BlackElo "2205"]
[Annotator "NA RC"]
[PlyCount "60"]
[EventDate "2022.06.18"]
[EventType "swiss"]
[EventCountry "CRO"]
[SourceTitle "playchess.com"]
[Source "ChessBase"]
[SourceQuality "1"]
[TimeControl "5400+30"]

1. e4 e5 2. Nc3 Nf6 3. f4 d5 4. fxe5 Nxe4 5. Qf3 Bc5 6. Nxe4 dxe4 7. Qxe4 Bxg1 8. Rxg1 c5 9. Bb5+ Nc6 10. b3 O-O 11. Bb2 Ne7 12. Rf1 Qb6 13. Bd3 g6 14. g4 Be6 15. Bc4 Qc6 16. Qe2 a6 17. O-O-O b5 18. Bxe6 fxe6 19. Rf6 Nd5 20. Rdf1 Nxf6 21. exf6 Rad8 22. h4 Kf7 23. Qe3 Qg2 24. Rg1 Qh2 25. Be5 Qxh4 26. Qxc5 Rd7 27. Qc6 Rfd8 28. Rh1 Qf2 29. Rxh7+ Kg8 30. f7+ Kf8 1-0

[Event "34th Pula Open 2022"]
[Site "Pula"]
[Date "2022.06.23"]
[Round "7.10"]
[White "Bochnicka, Vladimir"]
[Black "Dahl, Trygve"]
[Result "1-0"]
[ECO "A26"]
[WhiteElo "2267"]
[BlackElo "2237"]
[Annotator "TA"]
[PlyCount "77"]
[EventDate "2022.06.18"]
[EventType "swiss"]
[EventCountry "CRO"]
[SourceTitle "playchess.com"]
[Source "ChessBase"]
[SourceQuality "1"]
[TimeControl "5400+30"]

1. c4 e5 2. Nc3 Nc6 3. g3 g6 4. Bg2 Bg7 5. e4 d6 6. Nge2 f5 7. d3 Nf6 8. O-O O-O 9. exf5 Bxf5 10. h3 Qd7 {[%emt 0:01:34] A26: English Opening vs King's Indian with ...Nc6 and d3.} 11. Kh2 Kh8 (11... Nb4 $5 ) 12. Be3 Be6 {[%emt 0:03:51] [#] The position is equal.} 13. f4 $146 ({Predecessor:} 13. Qd2 d5 14. cxd5 Nxd5 15. Ne4 b6 16. Bg5 a5 17. Rac1 a4 18. N4c3 Ra5 19. a3 {1-0 (59) Balashov,Y (2550)-Rashkovsky,N (2530) Kuopio 1992}) 13... Nd4 (13... Bg8 $11 {keeps the balance.}) 14. Qd2 (14. Nxd4 exd4 15. Bxd4 Ng4+ 16. hxg4 Bxd4 $14) (14. Bxb7 $2 Bxh3 15. Bxd4 exd4 16. Bxa8 Bxf1 17. Qxf1 Ng4+ 18. Kg1 dxc3 $19) (14. Bxd4 $16 {Threatens to win with Be3.} exd4 15. Nxd4) 14... c5 $11 15. Rab1 a5 16. b3 Rae8 17. Rbe1 Re7 (17... Nh5 $11) 18. Bg1 (18. fxe5 $16 dxe5 19. Bg5) 18... Ref7 (18... b6 $11) 19. Nxd4 (19. fxe5 $16 dxe5 20. Na4) 19... cxd4 (19... exd4 $11 {was preferrable.} 20. Na4 Bf5) 20. Ne2 (20. Nb5 $14) 20... b6 21. b4 (21. g4 $11 {deserves consideration.}) 21... a4 22. Qc2 Nh5 (22... b5 {keeps more tension.} 23. cxb5 Bd5 24. Bxd5 Nxd5 25. Qc6 Qxc6 26. bxc6 Nxb4 27. fxe5 Rxf1 28. Rxf1 Rxf1 29. c7 Rf8) 23. c5 (23. Qc1 $11) 23... bxc5 (23... exf4 $6 24. Nxf4 Nxf4 25. c6 $11) (23... dxc5 {feels hotter.} 24. bxc5 bxc5 25. Qxc5 Rc8) 24. bxc5 dxc5 (24... exf4 $6 25. Nxf4 Nxf4 26. c6 $11) 25. fxe5 (25. Qxc5 $17 Rc8 26. Qb4) 25... Rxf1 $19 ({Weaker is} 25... Bxe5 26. Rxf7 Bxf7 27. Qxc5 $11) 26. Rxf1 Rxf1 27. Bxf1 Qb5 ({And not} 27... Bxe5 28. Qxc5 Qd6 29. Bxd4 (29. Qxd6 Bxd6 30. Bxd4+ Kg8 $17) 29... Qxc5 30. Bxc5 $11) 28. Nf4 $2 (28. Bf2) 28... Nxf4 29. gxf4 a3 30. Kg3 Bf8 31. Bg2 Qb2 32. Qa4 Qxa2 {[%emt 0:00:17] [#] aiming for ...Qb3.} 33. Qe8 Kg8 34. Qd8 Qb1 35. Kh2 a2 (35... Qxd3 $142 36. Qb6 Qf5) 36. Bd5 {[%emt 0:00:31] [#]} Qxg1+ $3 37. Kxg1 a1=Q+ 38. Kh2 Qa6 (38... Bxd5 $19 39. Qxd5+ Kh8) 39. Qf6 {[%emt 0:00:17] Never resign too early!  Weighted Error Value: White=0.73/Black=0.47} 1-0

[Event "34th Pula Open 2022"]
[Site "Pula"]
[Date "2022.06.23"]
[Round "7.11"]
[White "Milekic, Daniel"]
[Black "Makovec, Bruno"]
[Result "1/2-1/2"]
[ECO "A33"]
[WhiteElo "2280"]
[BlackElo "2215"]
[Annotator "TA"]
[PlyCount "108"]
[EventDate "2022.06.18"]
[EventType "swiss"]
[EventCountry "CRO"]
[SourceTitle "playchess.com"]
[Source "ChessBase"]
[SourceQuality "1"]
[TimeControl "5400+30"]

1. c4 c5 2. Nf3 Nc6 3. d4 cxd4 4. Nxd4 e6 5. g3 Qb6 6. Nb3 Ne5 7. e4 Nf6 8. Nc3 Bb4 9. Qe2 Qc6 {[%emt 0:13:31] A33: Symmetrical English: 2 Nf3 Nf6 3 d4 cxd4 4 Nxd4 e6 5 Nc3 Nc6.} (9... d6 $1 $11) 10. Bd2 d6 11. f3 {[%emt 0:08:15] [#]} (11. Nd4 $16 Qb6 12. Nc2) 11... O-O $146 {[%emt 0:01:42] White is slightly better.} ({Predecessor:} 11... b6 12. f4 Ned7 13. Nd4 Qc5 14. a3 Bxc3 15. Bxc3 Ba6 16. Nb5 Bxb5 17. cxb5 O-O {½-½ (37) Kouatly,B-Plewe,T Brussels 1984}) 12. O-O-O a6 (12... Bd7 $11) 13. Nd4 Qc7 14. f4 Nc6 15. Nc2 Bc5 ({Black should play} 15... b5 $1 $11) 16. Be3 $14 e5 17. f5 b5 18. cxb5 $2 (18. Bg5 $16) 18... axb5 $17 19. Nxb5 Qb6 (19... Qa5 $1 $17 {Strongly threatening ...Ba6.} 20. Bg5 (20. Nxd6 Nd4 $17) 20... Qxa2 21. Bxf6 Na5) 20. Nxd6 $2 (20. Rxd6 $14 {is the one way to stay ahead.} Ba6 21. Rxf6 $1 gxf6 22. Bh6) 20... Rxa2 21. Nc4 Qa7 (21... Bxe3+ $6 22. Qxe3 Qb8 23. Kb1 $15) 22. Bxc5 Qxc5 23. Kb1 Ra8 ({Better is} 23... Ra4 $1 $19 {And now ...Nd4 would win.} 24. b3 Ra7) 24. Qe3 {[%emt 0:01:52] Inhibits Nd4.} (24. Rd6 $2 Nd4 25. Nxd4 exd4 26. Rxf6 (26. Rb6 $2 Nxe4 27. Qc2 Nf2 $19) 26... gxf6 27. Qg4+ Kh8 $19) 24... Qe7 {[%emt 0:04:24][%mdl 1024] Black has strong compensation.} (24... Qxe3 $6 25. N2xe3 Ra4 26. Bg2 $11) 25. Be2 (25. Nb6 $142 Rb8 26. Nd5 Nxd5 27. Rxd5) 25... Nb4 (25... Bb7 $142 $1 26. Bf3 Nb4) 26. N2a3 Bb7 27. Bf3 Nc6 28. g4 Nd4 29. g5 Nd7 (29... Ne8 $1 $17 {Threatens to win with ...Nd6.} 30. f6 Qb4) 30. Bg2 $2 (30. Nxe5 $1 $15 Nxf3 31. Nxd7 (31. Rxd7 Qxe5 32. Rxb7 Rab8 $17) 31... Qxe4+ 32. Qxe4 Bxe4+ 33. Ka2) 30... f6 ({Black should try} 30... Rfb8 $19 {aiming for ...Ra4.} 31. f6 Qb4) 31. gxf6 gxf6 32. Rhg1 Kh8 $1 33. Bf1 (33. Rd2 {was necessary.}) 33... Nc5 $19 34. Bd3 Bc6 (34... Rfb8 $142 35. Rg4 Na4) 35. Rg4 Rab8 (35... Na4 $19 {[%cal Oa4b2] White must now prevent ...Nxb2!} 36. Bc2 (36. Nc2 Rfb8 $19) 36... Nxb2 $1 37. Kxb2 Qb4+ 38. Bb3 (38. Kc1 $2 Nxc2 39. Qh6 Rf7 $19) 38... Ba4 39. Rxd4 exd4) 36. Rdg1 $17 Nxd3 ({Don't play} 36... Rb3 37. Qg3 $1 Qf7 38. Rg7 Rxd3 39. Qg4 (39. Rxf7 Rxg3 40. Rxf8+ Kg7 $16) 39... Bxe4 40. Rxf7 Rg3+ 41. Ka2 Rxg4 42. Rxf8+ Kg7 43. Rxg4+ $16) 37. Qxd3 {[%emt 0:00:13] [#]} Qb7 (37... Rb3 $1 $17 38. Qd2 Nf3) 38. Qe3 $15 Rg8 39. Rxg8+ Rxg8 40. Rxg8+ Kxg8 41. Nd2 Ba4 {[%emt 0:00:42] Prevents Nc2.} 42. Qc3 Bc6 43. Qd3 Kh8 44. Nc2 Bb5 45. Qa3 (45. Qe3 $5 ) 45... Kg7 {[%emt 0:00:13] Inhibits Qf8+.} 46. Nxd4 exd4 $14 {[%emt 0:00:10][%mdl 4096] Endgame KQB-KQN} 47. Qg3+ Kf7 48. b3 Qc6 49. Qh3 Kg7 50. Qg3+ Kf7 $1 51. Qh3 Kg7 52. Qg3+ Kf7 $1 53. Qh3 d3 {[%emt 0:00:02] ...Qc2+ is the strong threat.} 54. Kb2 (54. Qxh7+ $14 Kf8 55. Qh8+ Ke7 56. Qg7+ Ke8 57. Qg8+ Ke7 58. Nc4 (58. Qg7+ Ke8 $14)) 54... Qc2+ {[%emt 0:00:14] Whites escaped into a draw.  Weighted Error Value: White=0.31/Black=0.32} 1/2-1/2

[Event "34th Pula Open 2022"]
[Site "Pula"]
[Date "2022.06.23"]
[Round "7.12"]
[White "Kolesar, Milan"]
[Black "Filipovic, Branko"]
[Result "1/2-1/2"]
[WhiteElo "2169"]
[BlackElo "2336"]
[Annotator "TA"]
[PlyCount "32"]
[EventDate "2022.06.18"]
[EventType "swiss"]
[EventCountry "CRO"]
[SourceTitle "playchess.com"]
[Source "ChessBase"]
[SourceQuality "1"]
[TimeControl "5400+30"]

1. Nf3 Nf6 2. c4 b6 3. g3 Bb7 4. Bg2 g6 5. Nc3 Bg7 6. O-O O-O 7. d4 Ne4 8. Nxe4 Bxe4 9. d5 {[%emt 0:03:22] A50: Queen's Fianchetto Defence (1 d4 Nf6 2 c4 b6).} c6 {[%emt 0:19:23] [#] Not much happened in this game.} {Predecessor:} 10. Bh3 $146 Bxf3 11. exf3 cxd5 12. cxd5 e6 13. f4 Na6 14. Bg2 Rb8 15. Qe2 Nc5 16. Be3 a5 {1-0 (45) Sturua,Z (2555)-Kozul,Z (2617) Minsk 2017} 1/2-1/2

[Event "34th Pula Open 2022"]
[Site "Pula"]
[Date "2022.06.24"]
[Round "8.1"]
[White "Zufic, Miroslav"]
[Black "Nikcevic, Nebojsa"]
[Result "1-0"]
[ECO "C43"]
[WhiteElo "2384"]
[BlackElo "2387"]
[Annotator "TA"]
[PlyCount "77"]
[EventDate "2022.06.18"]
[EventType "swiss"]
[EventCountry "CRO"]
[SourceTitle "playchess.com"]
[Source "ChessBase"]
[SourceQuality "1"]
[TimeControl "5400+30"]

1. e4 e5 2. Nf3 Nf6 3. d4 Nxe4 4. Bd3 Nc6 5. Nxe5 Nxe5 6. dxe5 {[%emt 0:00:04] C43: Petroff Defence: 3 d4.} d5 (6... Nc5 $5 ) 7. exd6 Nxd6 8. Nc3 {[%emt 0:00:08] White is slightly better.} Be6 9. Qf3 {[%emt 0:09:10] [#]} Qh4 $146 ({Predecessor:} 9... g6 10. Ne4 Nxe4 11. Bxe4 c6 12. O-O Bg7 13. Rd1 Qc7 14. Bf4 Be5 15. Bxe5 Qxe5 16. Re1 Qg5 17. Qa3 {½-½ (17) Sutovsky,E (2697)-Ponomariov,R (2710) Mallorca 2004}) 10. Ne4 ({Better is} 10. Bf4 $14) 10... c6 (10... Bg4 $11 11. Qf4 Nxe4 12. Qxe4+ Qe7) 11. Bf4 ({White should try} 11. Ng5 $1 $14) 11... Nxe4 $11 12. Bxe4 Rd8 13. O-O Be7 14. Qe3 a6 15. Bg3 Qg5 16. Qb6 Rd7 {[%emt 0:00:18] White must now prevent ...Bc5.} 17. h4 (17. f4 $5 Bc5+ 18. Bf2 Bxb6 19. fxg5 $11) 17... Qh5 {[%emt 0:05:29] Hoping for ...Bc5.} 18. Bf3 Bg4 {[%emt 0:01:17] [#]} (18... Qf5 $15 {stays ahead.} 19. Rfe1 Qxc2) 19. Rad1 $1 $16 Rxd1 20. Rxd1 {[%emt 0:00:12][%cal Of3c6] White threatens Bxc6+! and mate.} Bxf3 {[%emt 0:01:46] [#]} 21. Qxb7 $1 {[%emt 0:07:00] Intending Qb8+ and mate.} O-O 22. gxf3 $40 {[%emt 0:01:26][%mdl 128] White attacks with force.} Bxh4 23. Bxh4 (23. Qxc6 Bxg3 24. fxg3 Qe5 $11) 23... Qxh4 24. Qxc6 {[%emt 0:00:05][%mdl 4096] Endgame KQR-KQR} Qb4 25. b3 (25. Qxa6 Qxb2 26. Qc4 Qf6 $11) 25... Qa3 {[%emt 0:00:15] [#]} 26. Rd4 (26. Qc3 $1 $16) 26... h5 27. Kg2 Qc1 (27... Qxa2 $16 28. Ra4 Qb2) 28. Qe4 {[%emt 0:01:57] Active counter play!} (28. Qxa6 Qg5+ 29. Kf1 Qc1+ 30. Kg2 Qg5+ 31. Kh3 Qf5+ 32. Kg2 Qg5+ $11) (28. Rd5 $18) 28... Rc8 {[%emt 0:01:02] Loses the game.} (28... Qg5+ $16 29. Kh2 g6) 29. Qf5 $18 Rf8 30. Rc4 ({Much less strong is} 30. Qxh5 $6 Qxc2 31. b4 Qc6 $16) 30... g6 31. Qf6 a5 (31... Qa3 $142 32. Ra4 Qc5 33. Rxa6 (33. Qxa6 Qg5+ 34. Kh2 Qd2 $14) 33... Qxc2) 32. a4 Qd2 33. Rc5 Re8 34. Qc3 ({Don't play} 34. Rc7 $6 Qd5 35. c4 Qe6 $18) (34. c4 $18) 34... Qf4 (34... Qxc3 $16 {is a better defense.} 35. Rxc3 Re5) 35. Rxa5 {[%emt 0:00:27] Threatens to win with Rd5.} h4 36. Rc5 {[%emt 0:00:16] aiming for Rc4.} Kh7 $2 (36... Qc1 {is tougher.} 37. f4 Qxf4) 37. Rc4 {[%emt 0:00:25] White is clearly winning.} Qh6 38. Qf6 h3+ 39. Kh2 {[%emt 0:00:09] Weighted Error Value: White=0.15 (very precise) /Black=0.38} 1-0

[Event "34th Pula Open 2022"]
[Site "Pula"]
[Date "2022.06.24"]
[Round "8.2"]
[White "Maki-Uuro, Miikka"]
[Black "Popovic, Milan S"]
[Result "1/2-1/2"]
[ECO "A49"]
[WhiteElo "2332"]
[BlackElo "2383"]
[Annotator "TA"]
[PlyCount "42"]
[EventDate "2022.06.18"]
[EventType "swiss"]
[EventCountry "CRO"]
[SourceTitle "playchess.com"]
[Source "ChessBase"]
[SourceQuality "1"]
[TimeControl "5400+30"]

1. d4 Nf6 2. Nf3 g6 3. g3 Bg7 4. Bg2 O-O 5. O-O d6 6. b3 e5 7. dxe5 dxe5 8. Ba3 ({Much worse is} 8. Nxe5 Ng4 9. Qxd8 Rxd8 10. Nxg4 Bxa1 $15) 8... e4 $1 {[%emt 0:00:06][%mdl 4] is currently scoring better than 8...Qxd1. A49: 1 d4 Nf6 2 Nf3 g6 3 g3: Anti-King's Indian systems.} 9. Bxf8 Qxf8 10. Nd4 e3 {[%emt 0:10:12] White has an edge.} 11. f4 Ng4 {[%emt 0:14:56] [#] And now ...Nf2 would win.} 12. c3 $1 Nc6 13. Nxc6 bxc6 14. Qc1 Qc5 15. Rf3 ({Better is} 15. Na3 $16) 15... Ba6 $1 $11 16. h3 (16. b4 $5 Qb6 17. h3 $11) 16... Bxe2 {[%emt 0:12:11] The position is equal.} 17. hxg4 Bxf3 18. Bxf3 {[%emt 0:00:07] Hoping for Kg2.} e2+ $1 19. Kg2 Re8 20. Qe1 Qe3 {[%emt 0:05:18] [#]} 21. a3 $146 {[%emt 0:01:25] [#] Strongly threatening Ra2.} ({Predecessor:} 21. a4 Qd3 22. Ra2 Qxb1 23. Qxb1 e1=Q 24. Qxe1 {½-½ (24) Jianu,V (2537)-Bernadskiy,V (2580) Mamaia 2021}) 21... Qd3 $1 {[%emt 0:01:34] Weighted Error Value: White=0.09 (flawless) /Black=0.08 (flawless)} 1/2-1/2